 Dungeon Crawl Stone Soup version 0.30-a0-1042-gacf32f4bd3 (webtiles) character file.

Game seed: 18146589322807399901

8 Lavandula the Insei (level 2, -2/31 HPs)
             Began as a Merfolk Transmuter on Apr 9, 2023.
             Succumbed to a goblin's poison
             ... on level 1 of the Dungeon.
             The game lasted 00:00:44 (57 turns).

Lavandula the Insei (Merfolk Transmuter)              Turns: 57, Time: 00:00:44

Health: -2/31      AC: 21    Str: 10    XL:     2   Next: 8%
Magic:  5/5        EV:  2    Int: 12    God:
Gold:   0          SH:  0    Dex: 14    Spells: 4/5 levels left

rFire   . . .      SeeInvis .      - Unarmed
rCold   . . .      Faith    .    (no shield)
rNeg    . . .      Spirit   .    a - melded +0 robe
rPois   +          Reflect  .    (helmet currently unavailable)
rElec   .          Rampage  .    (cloak currently unavailable)
rCorr   .          NoTele   +    (gloves currently unavailable)
Will    .....                    (boots currently unavailable)
Stlth   +                        (no amulet)
HPRegen 0.25/turn                (no ring)
MPRegen 0.09/turn                (no ring)

@: lethally poisoned (-2 -> -13), tree-form
A: stationary, stasis, torment immunity, boosted hp, (nimble swimmer 2),
(mertail)
a: no special abilities


You were on level 1 of the Dungeon.
You were a tree.
You visited 1 branch of the dungeon, and saw 1 of its levels.

Inventory:

Armour
 a - a +0 robe (melded)
Scrolls
 c - a scroll of torment {unknown}
 d - a scroll of magic mapping {unknown}


   Skills:
 - Level 1.1 Fighting
 - Level 2.8 Dodging
 + Level 3.6 Unarmed Combat
 - Level 2.0 Spellcasting
 - Level 2.9 Transmutations


You had 4 spell levels left.
You knew the following spells:

 Your Spells              Type           Power      Damage    Failure   Level
a - Beastly Appendage     Tmut           16%        N/A       9%          1

Your spell library contained the following spells:

 Spells                   Type           Power      Damage    Failure   Level
 Wereblood                Tmut           8%         N/A       12%         2
 Spider Form              Tmut/Pois      4%         N/A       41%         3
 Ice Form                 Ice/Tmut       4%         N/A       82%         4


Dungeon Overview and Level Annotations

Branches:
Dungeon (1/15)

Altars:


Innate Abilities, Weirdness & Mutations

You are a tree.
Your roots penetrate the ground, keeping you stationary.
You cannot be teleported.
You are immune to unholy pain and torment.
Your maximum health is greatly increased.
Your equipment is partially melded.
((You are very nimble when in or above water. (Stealth+, EV+, Speed+++)))
((Your lower body shifts to a powerful aquatic tail in water.))


Message History

Magic restored.
Your transformation is almost over.
HP restored.
d - a scroll labelled RUAKKUMAYJ A rat comes into view.
You see here 10 gold pieces.
A rat is nearby!
Your horns disappear.
You see here a metallic emerald potion.
A goblin comes into view. It is wielding a +2 dagger of venom.
Found a potion of lignification.
The goblin shouts!
The rat bites you. The goblin misses you.
You hit the rat but do no damage. The rat bites you.
The goblin hits you with a +2 dagger of venom.
You are lethally poisoned!
You hit the rat.
You kill the rat!
You feel very sick.
The goblin hits you with a +2 dagger of venom.
You are more poisoned.
You have reached level 2!
Really quaff the potion of lignification?
You turn into a tree.
Your +0 robe melds into your body.
Your roots penetrate the ground.
* * * LOW HITPOINT WARNING * * *
You feel very sick. The goblin hits you but does no damage.
You are more poisoned.
Unknown command.
You hit the goblin.
You kill the goblin!
* * * LOW HITPOINT WARNING * * *
You feel very sick.
Unknown command.
There is a lethal amount of poison in your body!
* * * LOW HITPOINT WARNING * * *
You feel very sick.
A hobgoblin comes into view.
You die...

.... ## ... #. ... ###g ..
...####. ############.
#..)#.# ...........~#
#†♣##.###
............#.#!#.!#..#
............#...###$#
............#...#.#.# .
....~~~........##..#### .[.
...~...~..............#....
...~.<.~.................#
...~...~.............#.###
....~~~................#


You could see a hobgoblin (wandering).

Vanquished Creatures
  An endoplasm (D:1)
  A giant cockroach (D:1)
  A goblin (D:1)
  3 bats (D:1)
  2 rats (D:1)
8 creatures vanquished.

Notes
Turn   | Place    | Note
-------+----------+-------------------------------------------
     0 | D:1      | Lavandula the Merfolk Transmuter began the quest for the
                  | Orb.
     0 | D:1      | Reached XP level 1. HP: 15/15 MP: 3/3
    54 | D:1      | Reached XP level 2. HP: 7/21 MP: 5/5
    56 | D:1      | HP: 1/31 [poisoned by a goblin]
    57 | D:1      | Succumbed to a goblin's poison

Illustrated notes

Levels and vault maps discovered:
D:1:      enne_arrival_octagon_isle, layout_rooms, minmay_octomino_j4

Action                     || total
---------------------------++-------
  Melee: Unarmed           ||    18
         Punch             ||     2
         Headbutt          ||     1
   Cast: Beastly Appendage ||     2
    Use: Potion            ||     1
 Armour: Robe              ||     5
         Skin              ||     1
  Dodge: Dodged            ||    17

Table legend: (Time is in decaauts)
 A = Elapsed time spent in this place.
 B = Non-inter-level travel time spent in this place.
 C = Inter-level travel time spent in this place.
 D = Time resting spent in this place.
 E = Time spent auto-exploring this place.
 F = Levels seen in this place.
 G = Mean time per level.
                   A        B        C        D        E       F      G
               +--------+--------+--------+--------+--------+-----+--------+
         Total |     55 |     55 |      0 |      0 |     18 |   1 |   55.0 |
       Dungeon |     55 |     55 |      0 |      0 |     18 |   1 |   55.0 |
               +--------+--------+--------+--------+--------+-----+--------+

Top non-repeatable levels by time:
     D:1: 55 daAuts
